 Dungeon Crawl Stone Soup version 0.29.1-15-g9cfb28693d (webtiles) character file.

Game seed: 2258286458289540739

11096 pokedragonboy the Cleaver (level 12, -3/94 HPs)
             Began as a Formicid Fighter on Mar 13, 2023.
             Was a High Priest of Okawaru.
             Slain by a komodo dragon (23 damage)
             ... on level 1 of the Lair of Beasts.
             The game lasted 00:22:38 (13685 turns).

pokedragonboy the Cleaver (Formicid Fighter)       Turns: 13685, Time: 00:22:39

Health: -3/94      AC: 20    Str: 25    XL:     12   Next: 3%
Magic:  19/19      EV:  8    Int: 13    God:    Okawaru [*****.]
Gold:   547        SH:  6    Dex: 13    Spells: 11/11 levels left

rFire   . . .      SeeInvis +   a - +3 battleaxe
rCold   . . .      Faith    .   c - +0 buckler
rNeg    + . .      Spirit   .   p - +5 chain mail of Okawaru, Kissing {Will+ Int+4}
rPois   .          Reflect  .   (helmet unavailable)
rElec   .          Harm     .   e - +0 cloak
rCorr   .          Rampage  .   q - +0 pair of gloves
Will    +++++      Clarity  +   F - +0 pair of boots
Stlth   ..........              k - amulet of the Four Winds {rN+ Will+++ Clar}
HPRegen 0.25/turn               (no ring)
MPRegen 0.16/turn               (no ring)

@: studying Polearms
A: permanent stasis, dig shafts and tunnels, antennae 3, four strong arms
a: Dig, Shaft Self, Renounce Religion, Heroism, Finesse, Duel


You were on level 1 of the Lair of Beasts.
You worshipped Okawaru.
Okawaru was extremely pleased with you.
You visited 3 branches of the dungeon, and saw 13 of its levels.

You collected 547 gold pieces.

Inventory:

Hand Weapons
 a - a +3 battleaxe (weapon)
 b - a +0 dire flail
 M - a +1 dagger of flaming
Missiles
 C - a throwing net
 D - 3 boomerangs
 J - 6 javelins
Armour
 c - a +0 buckler (worn)
 e - a +0 cloak (worn)
 h - a +0 plate armour
 p - the +5 chain mail of Okawaru, Kissing (worn) {Will+ Int+4}
   (You found it on level 2 of the Dungeon)

   Int:       It affects your intelligence (+4).
   Will:      It increases your willpower.
 q - a +0 pair of gloves (worn)
 F - a +0 pair of boots (worn)
Jewellery
 k - the amulet of the Four Winds (around neck) {rN+ Will+++ Clar}
   (You found it on level 2 of the Dungeon)

   [amulet of nothing]

   rN:        It protects you from negative energy.
   Clar:      It protects you against confusion.
   Will:      It greatly increases your willpower.
Wands
 t - a wand of flame (16)
 v - a wand of acid (16)
 z - a wand of roots (5)
 A - a wand of mindburst (16)
 B - a wand of polymorph (4)
Scrolls
 f - a scroll of brand weapon {unknown}
 g - 3 scrolls of enchant weapon {unknown}
 r - a scroll of magic mapping
 u - 2 scrolls of silence {unknown}
 x - 2 scrolls of fear {unknown}
 y - 3 scrolls of poison {unknown}
 E - a scroll of enchant armour {unknown}
 G - 2 scrolls of identify
 I - 2 scrolls of noise {unknown}
 L - 3 scrolls of immolation {unknown}
Potions
 d - 6 potions of might
 i - a potion of brilliance
 j - 2 potions of invisibility
 l - a potion of resistance {unknown}
 m - a potion of magic {unknown}
 n - 2 potions of curing
 o - 2 potions of cancellation
 s - 2 potions of lignification {unknown}
 w - a potion of ambrosia {unknown}
 H - a potion of attraction {unknown}
 K - 3 potions of heal wounds


   Skills:
 + Level 8.8 Fighting
 * Level 10.8 Axes
 + Level 8.9 Armour
 - Level 10.0 Shields
 * Level 9.7 Invocations


You had 11 spell levels left.
You didn't know any spells.
Your spell library contained the following spells:

 Spells                   Type           Power      Damage    Failure   Level
 Ozocubu's Armour         Ice            0%         N/A       99%         3
 Metabolic Englaciation   Hex/Ice        0%         N/A       100%        5
 Simulacrum               Ice/Necr       Unusable   N/A       N/A         6

Dungeon Overview and Level Annotations

Branches:
Dungeon (11/15)            Temple (1/1) D:6            Lair (1/5) D:10
    Orc: D:9-12

Altars:
Ashenzari
Cheibriados
Elyvilon
Fedhas
Gozag
Hepliaklqana
Kikubaaqudgha
Makhleb
Nemelex Xobeh
Okawaru
Qazlal
Ru
Sif Muna
Trog
Uskayaw
Vehumet
Wu Jian
Xom
Yredelemnul
Zin
The Shining One

Shops:
D:10 ?

Annotations:
D:3 3 runed translucent doors, ThatPearl's ghost, amateur DsNe
Lair:1 3 runed translucent doors, Andrakon's ghost, novice DrCj; Gelion's ghost, journeyman DsCj; hawla's ghost, novice MeFE; leetdood's ghost, journeyman MiFi


Innate Abilities, Weirdness & Mutations

You cannot be hasted, slowed, berserked, paralysed or teleported.
You can dig through walls and to a lower floor.
You have a pair of large antennae on your head. (SInv)
Your four strong arms can wield two-handed weapons with a shield.


Message History

You kill the yak!
Okawaru accepts your kill.
A yak comes into view.
Found a scimitar.
The yak bellows!
A yak comes into view.
The komodo dragon bites you.
The yak bellows!
You hit the komodo dragon.
The komodo dragon is lightly wounded.
The komodo dragon bites you!
Unknown command.
You slash the komodo dragon!
The komodo dragon is moderately wounded.
The komodo dragon bites you!
You slash the komodo dragon!
The komodo dragon is heavily wounded.
You slash the yak! The yak gores you! The komodo dragon closely misses you.
The yak gores you but does no damage.
You hit the komodo dragon but do no damage.
The komodo dragon is heavily wounded.
You slash the yak! You block the komodo dragon's attack.
The yak gores you but does no damage.
Unknown command.
You slash the yak!
The yak is almost dead.
You slash the komodo dragon! You hit the yak but do no damage.
The komodo dragon bites you but does no damage.
The yak gores you! The yak barely misses you.
Unknown command.
You barely miss the yak.
The yak is almost dead.
You slash the yak!
You hit the komodo dragon but do no damage.
The komodo dragon bites you!
* * * LOW HITPOINT WARNING * * *
The yak closely misses you. The yak gores you!
* * * LOW HITPOINT WARNING * * *
The komodo dragon bites you!!
You die...

#...........##..#.##[8
#..........###..#..#.{
###...........##.....#W.
...............#.....+W.
....(................+W.
...............#..#..+W.
.....................#..
.....................#..
.......@.............#|8
......lYY......#....####
.......Y.......#...##
...............#...#
...................#
)..............#...#
.....#....######...#
.....#..... P...# ......


You could see a komodo dragon and 3 yaks.

Vanquished Creatures
  Erolcha (D:10)
  A hydra (Lair:1)
  2 two-headed ogres
  Joseph (D:7)
  A gargoyle (D:6)
  2 unseen horrors (D:10)
  A komodo dragon (D:10)
  A troll (D:11)
  Grinder (D:6)
  Sigmund (D:6)
  A shadow (D:10)
  9 yaks
  Menkaure (D:6)
  2 water moccasins
  Duvessa (D:6)
  2 black bears
  5 orc warriors
  4 ice beasts
  5 sky beasts
  2 ogres (D:5)
  2 centaurs
  A phantom (D:5)
  4 kobold brigands
  3 bullfrogs
  2 scorpions
  Dowan (D:6)
  8 wights
  18 killer bees
  A howler monkey (D:9)
  2 jellies
  4 hounds
  5 orc priests
  Crazy Yiuf (D:6)
  2 gnoll boudas
  9 orc wizards
  Natasha (thrice) (D:2)
  3 iguanas
  11 gnolls
  5 adders
  A shadow imp (D:6)
  A white imp (D:6)
  3 worms
  A dart slug (D:1)
  58 orcs
  3 endoplasms
  5 giant cockroaches
  5 goblins
  4 hobgoblins
  2 quokkas
  6 ball pythons
  7 bats
  3 frilled lizards
  18 kobolds
  2 rats
  A spectral goblin (D:3)
249 creatures vanquished.

Vanquished Creatures (others)
  A fungus (Lair:1)
  9 plants
10 creatures vanquished.

Grand Total: 259 creatures vanquished

Notes
Turn   | Place    | Note
-------+----------+-------------------------------------------
     0 | D:1      | pokedragonboy the Formicid Fighter began the quest for the
                  | Orb.
     0 | D:1      | Reached XP level 1. HP: 18/18 MP: 1/1
   218 | D:1      | Reached XP level 2. HP: 22/24 MP: 2/2
  1042 | D:2      | Found the amulet of the Four Winds {rN+ Will+++ Clar}
  1114 | D:2      | Reached XP level 3. HP: 23/29 MP: 3/3
  1493 | D:2      | Noticed Natasha
  1496 | D:2      | Killed Natasha
  1497 | D:2      | Reached XP level 4. HP: 37/37 MP: 4/4
  1500 | D:2      | Reached skill level 5 in Shields
  1635 | D:2      | Noticed Natasha
  1662 | D:2      | Killed Natasha
  1663 | D:2      | Reached XP level 5. HP: 29/42 MP: 5/5
  2075 | D:2      | Identified the +5 chain mail of Okawaru, Kissing {Will+
                  | Int+4}
  2274 | D:2      | Noticed Natasha
  2282 | D:2      | Killed Natasha
  2653 | D:3      | Found a faded altar of an unknown god.
  2884 | D:3      | Found a runed translucent gate.
  2885 | D:3      | Found a runed translucent gate.
  2885 | D:3      | Found a runed translucent gate.
  3133 | D:3      | Noticed ThatPearl's ghost (amateur DsNe)
  3193 | D:4      | Reached XP level 6. HP: 28/48 MP: 6/6
  4100 | D:5      | Entered Level 5 of the Dungeon
  4101 | D:5      | Noticed an ogre
  4131 | D:5      | Found a snail-covered altar of Cheibriados.
  4140 | D:5      | Reached XP level 7. HP: 55/55 MP: 7/7
  4869 | D:6      | Reached skill level 5 in Axes
  4869 | D:6      | Reached skill level 5 in Armour
  4869 | D:6      | Reached XP level 8. HP: 28/61 MP: 8/8
  5090 | D:6      | Reached skill level 5 in Fighting
  5092 | D:6      | Noticed Grinder
  5114 | D:6      | Killed Grinder
  5344 | D:6      | Noticed a gargoyle
  5364 | D:6      | Killed a gargoyle
  5365 | D:6      | Reached XP level 9. HP: 37/69 MP: 9/9
  5825 | D:6      | Found a staircase to the Ecumenical Temple.
  5852 | Temple   | Entered the Ecumenical Temple
  6170 | Temple   | Became a worshipper of Warmaster Okawaru
  6236 | D:6      | Reached skill level 1 in Invocations
  6584 | D:6      | Found a runed translucent door.
  6585 | D:6      | Noticed Crazy Yiuf
  6696 | D:6      | Noticed Sigmund
  6697 | D:6      | Noticed Menkaure
  6699 | D:6      | Noticed Dowan
  6700 | D:6      | Noticed Duvessa
  6705 | D:6      | Killed Sigmund
  6705 | D:6      | Reached * piety under Okawaru
  6705 | D:6      | Killed Menkaure
  6710 | D:6      | Killed Dowan
  6711 | D:6      | Reached skill level 10 in Shields
  6714 | D:6      | Killed Duvessa
  6943 | D:6      | Found a shimmering blue altar of Sif Muna.
  7003 | D:6      | Killed Crazy Yiuf
  7069 | D:7      | Reached XP level 10. HP: 72/77 MP: 12/12
  8207 | D:7      | Reached skill level 5 in Invocations
  8658 | D:7      | Reached ** piety under Okawaru
  8906 | D:7      | Noticed Joseph
  8919 | D:7      | Killed Joseph
  9359 | D:8      | Reached *** piety under Okawaru
 10028 | D:8      | Reached XP level 11. HP: 47/84 MP: 16/16
 11171 | D:9      | Noticed a two-headed ogre
 11176 | D:9      | Killed a two-headed ogre
 11176 | D:9      | Reached **** piety under Okawaru
 11815 | D:10     | Entered Level 10 of the Dungeon
 11912 | D:10     | Found Wiqegat's Magic Scroll Shop.
 11920 | D:10     | Noticed Erolcha
 11932 | D:10     | Killed Erolcha
 11933 | D:10     | Reached skill level 10 in Axes
 12112 | D:10     | Noticed a two-headed ogre
 12120 | D:10     | Killed a two-headed ogre
 12268 | D:10     | Reached ***** piety under Okawaru
 12376 | D:10     | Found a staircase to the Lair.
 12844 | Lair:1   | Entered Level 1 of the Lair of Beasts
 13136 | Lair:1   | Found a runed translucent gate.
 13136 | Lair:1   | Found a runed translucent gate.
 13136 | Lair:1   | Found a runed translucent gate.
 13136 | Lair:1   | Noticed Gelion's ghost (journeyman DsCj)
 13136 | Lair:1   | Noticed Andrakon's ghost (novice DrCj)
 13136 | Lair:1   | Noticed hawla's ghost (novice MeFE)
 13136 | Lair:1   | Noticed leetdood's ghost (journeyman MiFi)
 13155 | Lair:1   | Noticed an eight-headed hydra
 13173 | Lair:1   | Killed an eight-headed hydra
 13608 | Lair:1   | Reached XP level 12. HP: 94/94 MP: 19/19
 13685 | Lair:1   | Slain by a komodo dragon

Illustrated notes

Levels and vault maps discovered:
D:1:      psy_arrival_radial02, layout_loops_ring
D:2:      layout_basic, minmay_ruptured, uniq_natasha
D:3:      layout_basic, dreamdust_ecumenical_altar_drowned_temple,
          gammafunk_ghost_necromancy, dk_noncrumbling_3
D:4:      layout_cave_pools, kennysheep_generic_room_9
D:5:      layout_gridville, overflow_temple_1_default
D:6:      layout_rooms, lemuel_coloured_pillars_altar, temple_doors_e,
          uniq_menkaure, uniq_crazy_yiuf_cottage, uniq_sigmund, uniq_duvessa,
          uniq_grinder
D:7:      layout_cave_pools, corexii_item_surrounded_by_moat, uniq_joseph
D:8:      layout_rooms, special_room [special_room_orc],
          minmay_manual_monstrance
D:9:      layout_loops_corners, kennysheep_generic_room_15
D:10:     layout_rooms, david_lair_shrubbed, serial_shops,
          nicolae_shop_waterfront, uniq_erolcha
D:11:     layout_long_grid, kb_lookout_dungeons_type, grunt_ministairs_8
Temple:   mainiacjoe_temple_big_plus
Lair:1:   layout_gridlike, gammafunk_ghost_cemetery

Skill      XL: |  1  2  3  4  5  6  7  8  9 10 11 |
---------------+----------------------------------+-----
Shields        | 5 6 7 9 10 | 10.0
Axes           | 3 4 5 6 7 9 10 | 10.8
Armour         | 4 5 6 7 8 |  8.9
Fighting       | 4 5 6 7 8 |  8.8
Invocations    | 3 7 9 |  9.7

Action                   |  1- 3 |  4- 6 |  7- 9 | 10-12 || total
-------------------------+-------+-------+-------+-------++-------
Melee: War axe           |    87 |   155 |   207 |       ||   449
       Battleaxe         |       |       |    18 |   385 ||   403
       Dire flail        |       |       |       |    14 ||    14
Invok: Heroism           |       |       |       |     5 ||     5
 Abil: Dig               |       |       |       |     3 ||     3
  Use: Scroll            |       |     7 |     2 |       ||     9
       Potion            |       |       |     2 |     6 ||     8
Armor: Scale mail        |    29 |       |       |       ||    29
       Plate armour      |    26 |    52 |       |       ||    78
       Chain mail        |       |    68 |   175 |   342 ||   585
Dodge: Dodged            |    42 |    55 |    87 |   212 ||   396
Block: Buckler           |    22 |    35 |    68 |   191 ||   316
